 Dungeon Crawl Stone Soup version 0.25-b1-46-gb8a1ec05df (webtiles) character file.

Game seed: 16000780796560024153

36 lepoulpe303 the Vexing (level 3, -5/20 HPs)
             Began as a Kobold Arcane Marksman on June 10, 2020.
             Slain by a worm (10 damage)
             ... on level 2 of the Dungeon.
             The game lasted 00:03:51 (1118 turns).

lepoulpe303 the Vexing (Kobold Arcane Marksman)     Turns: 1118, Time: 00:03:52

Health: -5/20      AC:  3    Str:  8    XL:     3   Next: 57%
Magic:  5/5        EV: 15    Int: 14    God:
Gold:   66         SH:  0    Dex: 15    Spells: 2/5 levels left

rFire    . . .     SeeInvis .   b - +0 dagger
rCold    . . .     Gourm    .   (shield restricted)
rNeg     . . .     Faith    .   i - +0 leather armour (curse)
rPois    .         Spirit   .   (no helmet)
rElec    .         Reflect  .   (no cloak)
rCorr    .         Harm     .   (no gloves)
MR       .....                  (no boots)
Stlth    +.........             (no amulet)
HPRegen  0.06/turn              (no ring)
MPRegen  0.09/turn              (no ring)

@: no status effects
A: small, carnivore
a: no special abilities


You were on level 2 of the Dungeon.
You were completely stuffed.

You visited 1 branch of the dungeon, and saw 2 of its levels.

You collected 66 gold pieces.

Inventory:

Hand Weapons
 a - a +0 hand crossbow
 b - a +0 dagger (weapon)
Armour
 f - a +0 robe
 i - a cursed +0 leather armour (worn)
Scrolls
 c - a scroll of blinking {unknown}
 d - 5 scrolls of identify {unknown}
 g - 2 scrolls of remove curse {unknown}
 h - 2 scrolls of teleportation {unknown}
 l - a scroll of amnesia {unknown}
 o - 2 scrolls of magic mapping {unknown}
Potions
 j - 2 potions of stabbing {unknown}
 k - a potion of brilliance {unknown}
 m - 2 potions of berserk rage {unknown}
 n - a potion of mutation {unknown}
Comestibles
 e - 3 rations


   Skills:
 + Level 1.5 Fighting
 * Level 3.1 Crossbows
 + Level 0.1 Armour
 + Level 2.7 Dodging
 * Level 1.7 Spellcasting
 * Level 3.3 Hexes


You had 2 spell levels left.
You knew the following spells:

 Your Spells              Type           Power        Failure   Level  Hunger
s - Slow                  Hex            ##......     14%         2    ###....
v - Corona                Hex            ##.....      10%         1    ##.....

Your spell library contained the following spells:

 Spells                   Type           Power        Failure   Level  Hunger
 Inner Flame              Hex/Fire       #.......     47%         3    ####...
 Portal Projectile        Hex/Tloc       #.....       47%         3    ####...
 Cause Fear               Hex            ##........   67%         4    #####..
 Leda's Liquefaction      Hex/Erth       #.........   87%         4    #####..


Dungeon Overview and Level Annotations

Branches:
Dungeon (2/15)

Altars:


Innate Abilities, Weirdness & Mutations

You are small and have problems with some larger weapons.
You are carnivorous and can eat meat at any time.


Message History

You shoot a bolt. The bolt hits the worm.
Firing (i - inventory)
Q - a bolt (quivered)
Aim: a worm (severely wounded)
You shoot a bolt. The bolt hits the worm.
The worm barely misses you.
Firing (i - inventory) No suitable missiles.
Aim: a worm (severely wounded)
Okay, then.
You are now empty-handed.
b - a +0 dagger (weapon)
The worm barely misses you.
You barely miss the worm. You hit the worm but do no damage.
The worm bites you.
* * * LOW HITPOINT WARNING * * *
You take 6 damage, and have 5/20 hp.
MASSIVE DAMAGE!!
You barely miss the worm. You hit the worm. The worm completely misses you.
You hit the worm. The worm bites you!
Ouch! That really hurt!
You die...

#..(รท..#..
###.####.# #.# #.#
##.# #.# ####
#..####.#######...
###(##..............
#..(...##.#######...
#.#w#..##.# ##.#
##.####.#@...##.#
#..
.........##.###..
### ##.####..##.#
### #...>.# ####.##
#.# #.# ..#####
....... ..####.


You could see a worm.

Levels and vault maps discovered:
D:1:      dpeg_arrival_lava_temple_mockup, layout_loops_ring
D:2:      layout_loops_cross

Notes
Turn   | Place    | Note
-------+----------+-------------------------------------------
     0 | D:1      | lepoulpe303 the Kobold Arcane Marksman began the quest for
                  | the Orb.
     0 | D:1      | Reached XP level 1. HP: 12/12 MP: 2/2
    95 | D:1      | Identified a cursed +0 club
    96 | D:1      | Identified a +0 dagger
   113 | D:1      | Reached XP level 2. HP: 16/16 MP: 4/4
   169 | D:1      | Identified a cursed +0 leather armour (You found it on
                  | level 1 of the Dungeon)
   219 | D:1      | Identified a +0 dagger
   360 | D:1      | Reached XP level 3. HP: 20/20 MP: 5/5
   392 | D:1      | Identified a +0 dagger
   393 | D:1      | Reached skill level 3 in Crossbows
   735 | D:1      | Learned a level 2 spell: Slow
   875 | D:2      | Identified a +0 club
   953 | D:2      | Identified a +0 club
   953 | D:2      | Identified a cursed -3 hunting sling
  1115 | D:2      | HP: 5/20 [worm (6)]
  1118 | D:2      | Slain by a worm

Table legend:
 A = Turns spent in this place as a percentage of turns spent in the entire game.
 B = Non-inter-level travel turns spent in this place as a percentage of non-inter-level travel turns spent in the entire game.
 C = Inter-level travel turns spent in this place as a percentage of turns spent in this place.
 D = Turns resting spent in this place as a percentage of non-inter-level travel turns spent in this place.
 E = Turns spent auto-exploring this place as a percentage of non-inter-level travel turns spent in this place.
 F = Non-inter-level travel turns spent in this place divided by the number of levels of this place that you've seen.
                   A       B       C       D       E      F
               +-------+-------+-------+-------+-------+----------------------
         Total | 100.0 | 100.0 |   3.6 |   0.0 |  82.6 | 539.0
       Dungeon | 100.0 | 100.0 |   3.6 |   0.0 |  82.6 | 539.0
               +-------+-------+-------+-------+-------+----------------------

Table legend:
 A = Kills in this place as a percentage of kills in entire the game.
 B = Kills by you in this place as a percentage of kills by you in the entire game.
 C = Kills by friends in this place as a percentage of kills by friends in the entire game.
 D = Other kills in this place as a percentage of other kills in the entire game.
 E = Experience gained in this place as a percentage of experience gained in the entire game.
 F = Experience gained in this place divided by the number of levels of this place that you have seen.
                   A       B       C       D       E      F
               +-------+-------+-------+-------+-------+----------------------
         Total | 100.0 | 100.0 |   N/A |   N/A | 100.0 |  26.0
       Dungeon | 100.0 | 100.0 |   N/A |   N/A | 100.0 |  26.0
               +-------+-------+-------+-------+-------+----------------------

Skill      XL: |  1  2  3 |
---------------+----------+-----
Crossbows      | 3 |  3.1
Fighting       | |  1.5
Armour         | |  0.1
Dodging        | |  2.7
Spellcasting   | |  1.7
Hexes          | |  3.3

Action                   || total
-------------------------++-------
Melee: Dagger            ||     5
 Fire: Hand crossbow     ||    84
  Eat: Chunk             ||     9
Armor: Leather armour    ||     2
Dodge: Dodged            ||    40

Vanquished Creatures
  A worm (D:1)
  2 bats
  2 giant cockroaches
  6 goblins
  5 hobgoblins
  3 jackals (D:1)
  2 frilled lizards (D:1)
  4 kobolds
  5 rats (D:1)
30 creatures vanquished.
